 Dungeon Crawl Stone Soup version 0.28-a0-1524-ge72afd5fc6 (webtiles) character file.

Game seed: 9427804355971392460

9 murtidash the Caller (level 2, 0/11 HPs)
             Began as a Felid Summoner on Jan 18, 2022.
             Hit by a stone thrown by a kobold (2 damage)
             ... on level 1 of the Dungeon.
             The game lasted 00:01:15 (792 turns).

murtidash the Caller (Felid Summoner)                Turns: 792, Time: 00:01:16

Health: 0/11       AC:  1    Str:  4    XL:     2   Next: 6%
Magic:  4/6        EV: 17    Int: 16    God:
Gold:   3          SH:  0    Dex: 16    Spells: 4/5 levels left
                                        Lives:  0   Deaths: 0

rFire   . . .      SeeInvis +   (weapon unavailable)
rCold   . . .      Faith    .   (shield unavailable)
rNeg    . . .      Spirit   .   (armour unavailable)
rPois   .          Reflect  .   (helmet unavailable)
rElec   .          Harm     .   (cloak unavailable)
rCorr   .          Rampage  .   (gloves unavailable)
Will    .....                   (boots unavailable)
Stlth   ++........              (no amulet)
HPRegen 0.03/turn               (no ring)
MPRegen 0.10/turn               (no ring)

@: quick
A: very small, claws 1, fangs 3, see invisible, speed 1, shaggy fur 1, stealthy
paws, no weapons or thrown items, no armour, multi-lived
a: no special abilities


You were on level 1 of the Dungeon.
You visited 1 branch of the dungeon, and saw 1 of its levels.

You collected 3 gold pieces.

Inventory:

Scrolls
 a - a scroll of fear {unknown}


   Skills:
 - Level 2.6 Dodging
 - Level 2.6 Stealth
 + Level 2.3 Spellcasting
 + Level 4.2 Summonings


You had 4 spell levels left.
You knew the following spells:

 Your Spells              Type           Power      Damage    Failure   Level
Z - Summon Small Mammal   Summ           60%        N/A       3%          1

Your spell library contained the following spells:

 Spells                   Type           Power      Damage    Failure   Level
 Call Imp                 Summ           15%        N/A       5%          2
 Call Canine Familiar     Summ           15%        N/A       11%         3
 Summon Guardian Golem    Hex/Summ       8%         N/A       26%         3
 Summon Lightning Spire   Summ/Air       8%         N/A       63%         4


Dungeon Overview and Level Annotations

Branches:
Dungeon (1/15)

Altars:


Innate Abilities, Weirdness & Mutations

You have sharp claws.
You have razor-sharp teeth.
You have supernaturally acute eyesight. (SInv)
You cover ground quickly. (Speed+)
You are covered in fur. (AC +1)
Your paws help you pounce on unaware monsters.
You are incapable of wielding weapons or throwing items.
You cannot wear armour.
You gain extra lives every three experience levels.


Message History

The goblin misses your rat.
Your rat barely misses the goblin.
Your quokka closely misses the hobgoblin.
The goblin hits your rat with a +0 club.
Your rat dies!
Your rat's corpse disappears in a puff of smoke!
The kobold hits your quokka with a +0 dagger.
Your quokka dies!
Your quokka's corpse disappears in a puff of smoke!
A kobold comes into view. It is wielding a +0 short sword.
You now have 1/4 mp.
The goblin hits you with a +0 club.
You take 2 damage, and have 5/7 hp.
MASSIVE DAMAGE!!
The goblin barely misses you.
Your quokka closely misses the goblin.
You now have 1/4 mp.
You swap places.
The hobgoblin hits your quokka.
The goblin hits your quokka with a +0 club.
Your quokka dies!
Your quokka's corpse disappears in a puff of smoke!
Your quokka bites the hobgoblin but does no damage.
The hobgoblin hits your quokka.
Your quokka bites the hobgoblin.
Your quokka closely misses the hobgoblin.
Your quokka bites the hobgoblin.
You now have 0/4 mp.
A stone appears from out of your range of vision.
The stone misses your quokka. What are your orders? t - Meow!
Orders for allies: a - Attack new target. p - Attack previous target. r - Retreat! s - Stop attacking. g - Guard the area. f - Follow me.
Anything else - Cancel.
Gang up on whom?
Aim: a goblin, wielding a +0 club (ally target) Attack!
Your quokka bites the kobold.
Your rat barely misses the goblin.
A stone appears from out of your range of vision.
The stone misses your quokka.
You closely miss the goblin.
Your rat closely misses the goblin.
The goblin barely misses you.
You closely miss the goblin.
Your rat bites the goblin.
Your quokka bites the kobold but does no damage.
The kobold throws a stone.
The stone closely misses your quokka.
The stone closely misses the kobold.
The stone barely misses the hobgoblin.
The stone completely misses you.
You scratch the goblin but do no damage.
The goblin hits you with a +0 club.
Ouch! That really hurt!
* * * LOW HITPOINT WARNING * * *
Your rat barely misses the goblin.
Your quokka closely misses the kobold.
A kobold comes into view. It is wielding a +0 whip.
You take 4 damage, and have 1/7 hp.
MASSIVE DAMAGE!!
Your rat bites the hobgoblin but does no damage.
Something misses your quokka.
Your quokka misses the kobold.
You swap places.
Something hits your quokka.
Your quokka dies!
Your quokka's corpse disappears in a puff of smoke!
The goblin completely misses your quokka.
Your quokka bites the goblin.
The goblin dies!
You have reached level 2!
The kobold barely misses your quokka.
Your quokka completely misses the kobold.
The kobold hits your quokka but does no damage.
Your quokka barely misses the kobold.
The kobold throws a stone.
The stone closely misses your quokka. The stone hits you.
* * * LOW HITPOINT WARNING * * *
Your quokka closely misses the kobold.
You take 1 damage, and have 1/11 hp.
The kobold hits your quokka but does no damage.
Your quokka barely misses the kobold.
Your quokka barely misses the kobold.
The kobold closely misses your quokka.
Your quokka bites the kobold.
The kobold misses your quokka.
Your quokka barely misses the kobold.
The kobold hits your quokka with a +0 dagger.
Your quokka bites the kobold.
The kobold dies!
You start resting.
A kobold is nearby!
MP restored: 6
There is a stone staircase leading down here.
You now have 5/6 mp.
The kobold shouts!
The kobold throws a stone.
The stone closely misses you. The stone hits your rat.
You now have 4/6 mp.
What are your orders? t - Meow!
Orders for allies: a - Attack new target. r - Retreat! s - Stop attacking. g - Guard the area. f - Follow me.
Anything else - Cancel.
Gang up on whom?
Aim: a kobold, wielding a +0 whip and quivering stones (ally target) Attack!
The kobold throws a stone.
The stone hits you.
* * * LOW HITPOINT WARNING * * *
You take 1 damage, and have 2/11 hp.
The kobold throws a stone.
The stone hits you.
You die...

#.##### #.##
##..###.#######
#.#.rr## ##.###.#.# #.#
#..###r# ##.K.##.###.#
##.# #r# ##.........#
#.###r# #.###.#####
##..r## #># #.# ###.#
##.###.#### #.#
######.........#
##.###....r@r....##.#
##...#.......####.##.#
##.#.#..#....########.#
#.)..#.##.##.##⌠...⌠#.#
#.r###.##.##.##.....#.#
#.#r..###....##.>.<.#.#
#.##### ##..###.....#.#
#. #.####⌠...⌠#.# #.
##..#.######


You could see a kobold (ally target), a friendly quokka (summoned) and a
friendly rat (summoned).

Vanquished Creatures
  A dart slug (D:1)
  A giant cockroach (D:1)
  A quokka (D:1)
3 creatures vanquished.

Vanquished Creatures (collateral kills)
  A ball python (D:1)
  2 goblins (D:1)
  2 kobolds (D:1)
5 creatures vanquished.

Grand Total: 8 creatures vanquished

Notes
Turn   | Place    | Note
-------+----------+-------------------------------------------
     0 | D:1      | murtidash the Felid Summoner began the quest for the Orb.
     0 | D:1      | Reached XP level 1. HP: 7/7 MP: 4/4
   711 | D:1      | HP: 1/7 [goblin (4)]
   730 | D:1      | Reached XP level 2. HP: 2/11 MP: 1/6
   732 | D:1      | HP: 1/11 [kobold/stone (1)]
   791 | D:1      | HP: 2/11 [kobold/stone (1)]
   792 | D:1      | Hit by a stone thrown by a kobold

Illustrated notes

Levels and vault maps discovered:
D:1:      amcnicky_arrival_gap_in_the_tavern_cellar, layout_loops_ring,
          chequers_ecumenical_altar_twisty

Action                   || total
-------------------------++-------
Melee: Unarmed           ||    20
       Bite              ||     6
 Cast: Summon Small Mamm ||    20
Dodge: Dodged            ||    19

Table legend: (Time is in decaauts)
 A = Elapsed time spent in this place.
 B = Non-inter-level travel time spent in this place.
 C = Inter-level travel time spent in this place.
 D = Time resting spent in this place.
 E = Time spent auto-exploring this place.
 F = Levels seen in this place.
 G = Mean time per level.
                   A        B        C        D        E       F      G
               +--------+--------+--------+--------+--------+-----+--------+
         Total |    736 |    736 |      0 |     24 |    560 |   1 |  736.0 |
       Dungeon |    736 |    736 |      0 |     24 |    560 |   1 |  736.0 |
               +--------+--------+--------+--------+--------+-----+--------+

Top non-repeatable levels by time:
     D:1: 736 daAuts

Table legend:
 A = Kills in this place as a percentage of kills in entire the game.
 B = Kills by you in this place as a percentage of kills by you in the entire game.
 C = Kills by friends in this place as a percentage of kills by friends in the entire game.
 D = Other kills in this place as a percentage of other kills in the entire game.
 E = Experience gained in this place as a percentage of experience gained in the entire game.
 F = Experience gained in this place divided by the number of levels of this place that you have seen.
                   A       B       C       D       E      F
               +-------+-------+-------+-------+-------+----------------------
         Total | 100.0 | 100.0 | 100.0 |   N/A | 100.0 |  14.0
       Dungeon | 100.0 | 100.0 | 100.0 |   N/A | 100.0 |  14.0
               +-------+-------+-------+-------+-------+----------------------
